 Dungeon Crawl Stone Soup version 0.29-a0-997-gf6f7e2dfe7 (webtiles) character file.

Game seed: 7726906763665647538

25894 drugrobin the Cleaver (level 12, -6/159 HPs)
             Began as a Demigod Fighter on Aug 4, 2022.
             Mangled by Rupert
             ... wielding a +1 great mace of holy wrath
              (16 damage)
             ... on level 5 of the Lair of Beasts.
             The game lasted 00:42:00 (14675 turns).

drugrobin the Cleaver (Demigod Fighter)            Turns: 14675, Time: 00:42:01

Health: -6/159     AC: 30    Str: 29    XL:     12   Next: 57%
Magic:  0/28       EV:  2    Int: 14    God:
Gold:   166        SH:  4    Dex: 13    Spells: 27/27 levels left

rFire   + . .      SeeInvis .   a - +2 hand axe (vamp)
rCold   . . .      Faith    .   J - +0 buckler
rNeg    . . .      Spirit   +   (body armour currently unavailable)
rPois   +          Reflect  .   (helmet currently unavailable)
rElec   +          Harm     .   (cloak currently unavailable)
rCorr   .          Rampage  .   (gloves currently unavailable)
Will    +....      NoTele   +   (boots currently unavailable)
Stlth   +.........              l - amulet "Huon" {Spirit rElec}
HPRegen 0.36/turn               T - +4 ring of protection
MPRegen 0.21/turn               o - ring "Lal Fychi" {Fly rF+}

@: tree-form
A: stationary, stasis, torment immunity, boosted hp, high MP 1, forlorn, divine
attributes
a: no special abilities


You were on level 5 of the Lair of Beasts.
You were a tree.
You visited 3 branches of the dungeon, and saw 15 of its levels.
You also visited: Sewer.

You collected 1080 gold pieces.
You spent 914 gold pieces at shops.

Inventory:

Hand Weapons
 a - a +2 vampiric hand axe (weapon)
 b - a +2 hand axe of draining
 c - a +2 dagger of venom
 h - a +3 trident of freezing
Missiles
 s - 14 javelins (quivered)
 Q - 4 throwing nets
Armour
 n - a +0 helmet (melded)
 D - a +0 pair of boots (melded)
 G - a +0 cloak of poison resistance (melded)
 J - a +0 buckler (worn)
 S - the +12 chain mail of the Black Skies (melded) {rN+ Slay+6}
   (You found it on level 6 of the Dungeon)

   Slay:      It affects your accuracy & damage with ranged weapons and melee
   (+6).
   rN:        It protects you from negative energy.
Jewellery
 l - the amulet "Huon" (around neck) {Spirit rElec}
   (You found it on level 7 of the Dungeon)

   [amulet of guardian spirit]

   It causes incoming damage to be divided between your reserves of health and
   magic.
   rElec:     It insulates you from electricity.
 o - the ring "Lal Fychi" (right branch) {Fly rF+}
   (You found it on level 2 of the Lair of Beasts)

   [ring of flight]

   rF:        It protects you from fire.
   Fly:       It grants you flight.
 t - a ring of see invisible
 v - a ring of fire
 B - a ring of fire
 E - a ring of ice
 F - a ring of willpower
 T - a +4 ring of protection (left branch)
Wands
 d - a wand of digging (3)
 e - a wand of mindburst (10)
 p - a wand of polymorph (5)
 K - a wand of paralysis (17)
 P - a wand of iceblast (15)
Scrolls
 f - a scroll of fear
 i - a scroll of acquirement
 j - 2 scrolls of summoning
 k - 11 scrolls of teleportation
 m - 3 scrolls of identify
 q - 6 scrolls of vulnerability
 u - 6 scrolls of blinking
 z - 3 scrolls of magic mapping
 Y - 2 scrolls of fog
 Z - 2 scrolls of poison
Potions
 g - 2 potions of lignification
 w - 2 potions of heal wounds
 x - 7 potions of curing
 y - 2 potions of might
 C - a potion of berserk rage {unknown}
 I - 2 potions of resistance {unknown}
 O - a potion of brilliance {unknown}
 V - 2 potions of haste {unknown}
 W - a potion of cancellation {unknown}
Miscellaneous
 X - a lightning rod (4/4)


   Skills:
 + Level 10.2 Fighting
 + Level 12.5 Axes
 + Level 5.7 Armour
 - Level 2.6 Shields
 - Level 8.0 Spellcasting
 + Level 8.0 Evocations


You had 27 spell levels left.
You didn't know any spells.
Your spell library contained the following spells:

 Spells                   Type           Power      Damage    Failure   Level
 Apportation              Tloc           10%        N/A       17%         1
 Necrotise                Necr           20%        1d5       17%         1
 Summon Small Mammal      Summ           20%        N/A       17%         1
 Blink                    Tloc           10%        N/A       26%         2
 Confusing Touch          Hex            5%         N/A       45%         3
 Dazzling Flash           Conj/Hex       10%        N/A       45%         3
 Ignite Poison            Fire/Tmut/Pois 5%         N/A       45%         3
 Lesser Beckoning         Tloc           5%         N/A       45%         3
 Mephitic Cloud           Conj/Pois/Air  5%         N/A       45%         3
 Stone Arrow              Conj/Erth      10%        3d7       45%         3
 Vampiric Draining        Necr           5%         2d6       45%         3
 Animate Armour           Summ/Erth      10%        N/A       86%         4
 Iskenderun's Mystic Bla  Conj/Tloc      5%         2d3       86%         4
 Agony                    Necr           5%         N/A       99%         5
 Alistair's Intoxication  Tmut/Pois      3%         N/A       99%         5
 Freezing Cloud           Conj/Ice/Air   2%         6-21      99%         5
 Manifold Assault         Tloc           5%         N/A       99%         5
 Summon Forest            Summ/Tloc      2%         N/A       99%         5
 Summon Mana Viper        Hex/Summ       5%         N/A       99%         5
 Yara's Violent Unravell  Hex/Tmut       2%         3d3       99%         5
 Starburst                Conj/Fire      2%         6d3       100%        6
 Summon Cactus Giant      Summ           2%         N/A       100%        6
 Enfeeble                 Hex            2%         N/A       100%        7
 Lehudib's Crystal Spear  Conj/Erth      2%         10d2      100%        8


Dungeon Overview and Level Annotations

Branches:
Dungeon (10/15)            Temple (1/1) D:6            Lair (3/5) D:10
  Swamp (0/4) Lair:2        Snake (0/4) Lair:2          Orc (0/2) D:10
  Sewer (visited)

Shops:
D:2 [   D:5 *   D:7 ?   D:8 :([[

Annotations:
D:6 3 runed translucent doors, gelatine's ghost, novice FoFi
Lair:5 Rupert


Innate Abilities, Weirdness & Mutations

You are a tree.
Your roots penetrate the ground, keeping you stationary.
You cannot be teleported.
You are immune to unholy pain and torment.
Your maximum health is greatly increased.
Your equipment is partially melded.
You have an increased reservoir of magic. (+10% MP)
You shall have no god before yourself.
Your divine heritage dramatically boosts your attributes as you level up.


Message History

You slash Rupert!
Rupert is lightly wounded.
You block Rupert's attack.
Unknown command.
Unknown command.
Unknown command.
Unknown command.
Unknown command.
You hit Rupert but do no damage.
Rupert is lightly wounded.
Rupert hits you with a +1 great mace of holy wrath.
* * * LOW HITPOINT WARNING * * *
Rupert hits you but does no damage.
Unknown command.
Unknown command.
Unknown command.
Unknown command.
Unknown command.
You slash Rupert!
Rupert is lightly wounded.
Rupert hits you with a +1 great mace of holy wrath!
* * * LOW HITPOINT WARNING * * *
Unknown command.
Unknown command.
Unknown command.
Unknown command.
Unknown command.
Unknown command.
You hit Rupert.
You feel better.
Rupert is lightly wounded.
Rupert hits you with a +1 great mace of holy wrath!
* * * LOW HITPOINT WARNING * * *
Unknown command.
Unknown command.
Unknown command.
Unknown command.
You hit Rupert.
You feel better.
Rupert is lightly wounded.
Rupert hits you with a +1 great mace of holy wrath!
You die...

~~**,*~~~.######...P...P.........
~,,*,~~~.............|...........
~~,~~*~~.....................#...
~,~~~~~#.........................
~,~~,~~~.................#..##...
~~~*,~~~~.#..............#..##...
~~~*~~*#..........P.....#...###..
~~⌠*~~*#~.P..##.........P..###...
****~~~.~..P...#♣............†...
,~,*~~~~~...<..@...P.........#.##
~,~*~~*#...P.....#..#....#...####
~~~*~~*#..#...##..######...### #
*~*,~~~~...#..*#..# *.....#* #
~~~~~~~~.........## *#.....# ##
~~**~~*~.....P#### #.....#* #.
~~**~~*#......,* #.#....* ##
~,~~,~~.~...##** **,,,,,*


You could see Rupert (berserk, drained).

Vanquished Creatures
  Fannar (D:9)
  Josephine (Lair:5)
  2 hydras (Lair:2)
  A two-headed ogre (D:9)
  Lodul (D:10)
  2 sea snakes (Lair:5)
  An elephant (D:9)
  A black mamba (Lair:2)
  5 cane toads
  2 torpor snails (Lair:5)
  A kobold demonologist (D:10)
  A rime drake (Lair:2)
  4 komodo dragons (Lair:5)
  3 unseen horror zombies (D:9)
  2 polar bears
  A tyrant leech (Lair:2)
  2 wind drakes (Lair:5)
  Prince Ribbit (D:7)
  8 dream sheep (Lair:5)
  Sigmund (D:3)
  A snapping turtle (Lair:5)
  3 wraiths (Lair:5)
  6 wyverns
  36 yaks
  4 vampire mosquitoes (D:9)
  A steam dragon (D:9)
  Menkaure (D:6)
  2 nagas (Lair:2)
  3 swamp worms
  7 water moccasins
  Duvessa (D:7)
  An acid dragon (D:9)
  2 orc warriors
  2 sky beasts (D:7)
  5 black bears
  An ogre (shapeshifter) (D:9)
  8 ogres
  An ice beast (D:6)
  A centaur (D:6)
  4 kobold brigands
  9 bullfrogs
  2 gnoll sergeants
  2 necrophages
  2 wights (D:9)
  Dowan (D:7)
  An electric eel (Lair:1)
  2 howler monkeys
  4 centaur zombies
  4 orc priests
  Crazy Yiuf (D:7)
  3 hounds
  A gnoll bouda (D:6)
  3 jellies
  3 iguanas
  Jessica (D:3)
  5 orc wizards
  Robin (D:1)
  2 howler monkey zombies (D:9)
  31 gnolls
  11 adders
  2 shadow imps
  3 white imps
  An ufetubus (D:5)
  3 dart slugs
  35 orcs
  6 ball pythons
  5 endoplasms
  12 giant cockroaches
  19 goblins
  6 hobgoblins
  8 jackals
  22 kobolds
  8 quokkas
  3 bats
  6 frilled lizards
  9 rats
368 creatures vanquished.

Vanquished Creatures (others)
  16 fungi
  48 plants
  A withered plant (D:9)
65 creatures vanquished.

Grand Total: 433 creatures vanquished

Notes
Turn   | Place    | Note
-------+----------+-------------------------------------------
     0 | D:1      | drugrobin the Demigod Fighter began the quest for the Orb.
     0 | D:1      | Reached XP level 1. HP: 18/18 MP: 3/3
    40 | D:1      | Reached skill level 2 in Axes
   320 | D:1      | Reached XP level 2. HP: 25/25 MP: 4/4
   625 | D:1      | Reached skill level 3 in Axes
  1102 | D:2      | Noticed Robin
  1113 | D:1      | Reached XP level 3. HP: 28/30 MP: 5/5
  1286 | D:1      | Killed Robin
  1479 | D:2      | Reached skill level 4 in Axes
  1482 | D:2      | Reached XP level 4. HP: 35/37 MP: 6/6
  1732 | D:2      | Found Faissi Syshro's Armour Shop.
  2066 | D:3      | Noticed Sigmund
  2073 | D:3      | Killed Sigmund
  2074 | D:3      | Reached skill level 5 in Axes
  2074 | D:3      | Reached XP level 5. HP: 37/42 MP: 7/7
  2091 | D:3      | Reached skill level 6 in Axes
  2215 | D:3      | Noticed Jessica
  2217 | D:3      | Killed Jessica
  2218 | D:3      | Reached XP level 6. HP: 42/50 MP: 8/8
  2454 | D:3      | Found a glowing drain.
  2460 | Sewer    | Entered a sewer
  2651 | Sewer    | Found the +18 shield of the Gong {rElec rN+ Will+ EV-5}
  2770 | Sewer    | Reached skill level 7 in Axes
  3029 | D:3      | Reached XP level 7. HP: 28/56 MP: 9/9
  3962 | D:5      | Entered Level 5 of the Dungeon
  4024 | D:5      | Reached skill level 8 in Axes
  4139 | D:5      | Found Uzenodiq's Assorted Antiques.
  4153 | D:5      | Reached skill level 1 in Spellcasting
  4164 | D:5      | Bought an iron wand for 96 gold pieces
  5050 | D:6      | Reached XP level 8. HP: 64/66 MP: 14/14
  5448 | D:6      | Identified the +12 chain mail of the Black Skies {rN+
                  | Slay+6}
  5531 | D:6      | Noticed Menkaure
  5534 | D:6      | Killed Menkaure
  5681 | D:6      | Found a runed translucent gate.
  5681 | D:6      | Found a runed translucent gate.
  5681 | D:6      | Found a runed translucent gate.
  5681 | D:6      | Noticed gelatine's ghost (novice FoFi)
  5699 | D:6      | Reached skill level 9 in Axes
  5833 | D:6      | Found a staircase to the Ecumenical Temple.
  5843 | Temple   | Entered the Ecumenical Temple
  5872 | D:6      | Reached skill level 5 in Fighting
  6434 | D:7      | Noticed Prince Ribbit
  6456 | D:7      | Killed Prince Ribbit
  6457 | D:7      | Reached XP level 9. HP: 41/74 MP: 18/18
  6594 | D:7      | Identified the amulet "Huon" {Spirit rElec}
  6775 | D:7      | Noticed Dowan
  6775 | D:7      | Noticed Duvessa
  6781 | D:7      | Killed Dowan
  6791 | D:7      | Killed Duvessa
  6824 | D:7      | Found Olur's Magic Scroll Shop.
  6838 | D:7      | Bought a scroll of teleportation for 45 gold pieces
  6838 | D:7      | Bought a scroll of identify for 30 gold pieces
  7184 | D:7      | Found a runed translucent door.
  7185 | D:7      | Noticed Crazy Yiuf
  7192 | D:7      | Killed Crazy Yiuf
  7241 | D:8      | Found Anaiwiagg's Book Shoppe.
  7539 | D:8      | Found Laibo's Antique Weapon Boutique.
  7594 | D:8      | Found Gaob's Antique Armour Emporium.
  7720 | D:8      | Found Ducaah's Armour Shoppe.
  8184 | D:8      | Reached skill level 5 in Spellcasting
  8184 | D:8      | Reached skill level 1 in Evocations
  8194 | D:8      | Reached skill level 10 in Axes
  8603 | D:9      | Reached XP level 10. HP: 82/84 MP: 14/22
  8974 | D:9      | Noticed a two-headed ogre
  8982 | D:9      | Killed a two-headed ogre
  9317 | D:10     | Entered Level 10 of the Dungeon
  9318 | D:10     | Found a staircase to the Lair.
  9318 | D:10     | Noticed an elephant
  9351 | D:10     | Noticed Fannar
  9526 | D:9      | Killed an elephant
  9527 | D:9      | Reached skill level 11 in Axes
  9533 | D:9      | Reached skill level 5 in Evocations
  9590 | D:9      | Killed Fannar
  9591 | D:9      | Reached XP level 11. HP: 85/94 MP: 16/25
  9675 | D:8      | Identified the +1 spear "Horotagu" {chaos, *Noise +Blink
                  | rElec Will+++}
  9827 | D:5      | Bought an encrusted buckler for 228 gold pieces
  9827 | D:5      | Identified the +1 buckler "Teschemee" {rPois rC- Int+4
                  | Dex+2} (You bought it in a shop on level 5 of the Dungeon)
 10197 | D:10     | Noticed Lodul
 10205 | D:10     | Killed Lodul
 10456 | D:10     | Found a staircase to the Orcish Mines.
 10624 | D:5      | Bought a sapphire potion for 21 gold pieces
 10624 | D:5      | Bought a scroll labelled OGIEBLENAZI for 24 gold pieces
 10624 | D:5      | Bought a scroll labelled LUJUZA TUJORCH for 24 gold pieces
 10677 | D:7      | Bought a scroll of summoning for 142 gold pieces
 10677 | D:7      | Bought a scroll of magic mapping for 112 gold pieces
 10677 | D:7      | Bought a scroll of vulnerability for 60 gold pieces
 10677 | D:7      | Bought a scroll of identify for 30 gold pieces
 10782 | Lair:1   | Entered Level 1 of the Lair of Beasts
 11810 | Lair:2   | Noticed a four-headed hydra
 11845 | Lair:2   | Killed a four-headed hydra
 11932 | Lair:2   | Identified the ring "Lal Fychi" {Fly rF+}
 12185 | D:2      | Bought a +0 cloak of poison resistance for 102 gold pieces
 12445 | Lair:2   | Found a staircase to the Snake Pit.
 12807 | Lair:2   | Found a staircase to the Swamp.
 13014 | Lair:2   | Noticed a seven-headed hydra
 13017 | Lair:2   | Reached XP level 12. HP: 105/105 MP: 28/28
 13027 | Lair:2   | Killed a seven-headed hydra
 13028 | Lair:2   | Reached skill level 12 in Axes
 13501 | Lair:3   | Identified a scroll of acquirement
 13797 | Lair:3   | You are sucked into a shaft and drop 2 floors!
 13797 | Lair:5   | Entered Level 5 of the Lair of Beasts
 13821 | Lair:5   | Noticed Rupert
 14010 | Lair:5   | Noticed Josephine
 14029 | Lair:5   | Killed Josephine
 14145 | Lair:5   | Reached skill level 5 in Armour
 14238 | Lair:5   | Reached skill level 10 in Fighting
 14675 | Lair:5   | Mangled by Rupert

Illustrated notes

Levels and vault maps discovered:
D:1:      dpeg_arrival_rooms_a, layout_loops_ring
D:2:      layout_rooms, serial_shops, shop,
          shapermc_ecumenical_altar_notcrosses, uniq_robin
D:3:      layout_rooms, gup_sewer_entry_bubbles, uniq_sigmund, uniq_jessica
D:4:      layout_cave_pools, uniq_edmund
D:5:      layout_basic, tgw_kikubaaqudgha, serial_shops,
          nicolae_shop_temple_entry_statues_fountains
D:6:      layout_basic, nicolae_yredelemnul_ghost_church,
          minmay_temple_entry_glassed_door, minmay_unpleasant_kobolds,
          uniq_menkaure
D:7:      layout_loops_ring, serial_shops, nicolae_shop_stone,
          uniq_prince_ribbit1, uniq_crazy_yiuf_cottage, uniq_duvessa
D:8:      layout_loops_corners, serial_shops, shop, nicolae_shop_stone,
          shop_fountains, nicolae_shop_overgrown_old_shop, due_unseen_surprise
D:9:      layout_gridville, serial_undead, serial_undead_f, serial_undead_d,
          serial_undead_d, serial_undead_f, worms_lemuel
D:10:     layout_rooms, mainiacjoe_overflow_divided_tiny,
          gammafunk_temple_overflow_wave, david_lair_generic, orc_0_dummy,
          uniq_fannar, uniq_lodul
Temple:   nicolae_temple_elliptical
Lair:1:   layout_regular_city, lemuel_fruit_tree, grunt_megastairs_4,
          serial_bayou_shore_a
Lair:2:   layout_loops_ring, minmay_swamp_entry_worms,
          minmay_snake_entry_guardpost_small, grunt_megastairs_1
Lair:3:   layout_cave_pods, special_room [special_room_bee],
          lemuel_old_faithful, grunt_megastairs_3
Lair:5:   gammafunk_lair_ancient_temple, layout_misc_corridors,
          chequers_serial_rivers_micro_b, uniq_josephine, uniq_rupert

Skill      XL: |  1  2  3  4  5  6  7  8  9 10 11 12 |
---------------+-------------------------------------+-----
Axes           | 2 3 4 5 6 7 8 9 10 11 12 | 12.5
Fighting       | 3 5 6 8 9 10 | 10.2
Spellcasting   | 2 4 5 6 8 |  8.0
Evocations     | 2 5 6 8 |  8.0
Armour         | 4 5 |  5.7
Shields        | |  2.6

Action                   |  1- 3 |  4- 6 |  7- 9 | 10-12 || total
-------------------------+-------+-------+-------+-------++-------
Melee: War axe           |    65 |    27 |    35 |       ||   127
       Mace              |    42 |    16 |     2 |       ||    60
       Hand axe          |       |   134 |   402 |   581 ||  1117
       Trident           |       |       |       |    12 ||    12
 Fire: Sling             |    23 |    14 |    38 |       ||    75
Throw: Javelin           |       |     2 |     2 |     8 ||    12
       Dart              |       |       |     1 |       ||     1
Evoke: Wand              |       |       |     2 |     2 ||     4
  Use: Potion            |       |     1 |       |     1 ||     2
       Scroll            |       |       |       |    18 ||    18
 Stab: Paralysed         |       |       |       |     5 ||     5
Armor: Scale mail        |    63 |    78 |    93 |       ||   234
       Chain mail        |       |       |   118 |   368 ||   486
       Skin              |       |       |       |     4 ||     4
Dodge: Dodged            |    49 |    86 |   130 |   161 ||   426
Block: Buckler           |    37 |    30 |    81 |    96 ||   244

Table legend: (Time is in decaauts)
 A = Elapsed time spent in this place.
 B = Non-inter-level travel time spent in this place.
 C = Inter-level travel time spent in this place.
 D = Time resting spent in this place.
 E = Time spent auto-exploring this place.
 F = Levels seen in this place.
 G = Mean time per level.
                   A        B        C        D        E       F      G
               +--------+--------+--------+--------+--------+-----+--------+
         Total |  14714 |  13108 |   1606 |    749 |   8645 |  16 |  919.6 |
       Dungeon |  10884 |   9420 |   1464 |    722 |   6168 |  10 | 1088.4 |
        Temple |      1 |      1 |      0 |      0 |      0 |   1 |    1.0 |
          Lair |   3454 |   3313 |    141 |     27 |   2413 |   4 |  863.5 |
         Sewer |    374 |    374 |      0 |      0 |     63 |   1 |  374.0 |
               +--------+--------+--------+--------+--------+-----+--------+

Top non-repeatable levels by time:
     D:8: 1573 daAuts
     D:6: 1462 daAuts
     D:1: 1377 daAuts
     D:5: 1182 daAuts
  Lair:2: 1146 daAuts
     D:9: 1114 daAuts
     D:7: 1064 daAuts
  Lair:1: 1022 daAuts
     D:4: 863 daAuts
  Lair:5: 839 daAuts
     D:2: 827 daAuts
     D:3: 809 daAuts
    D:10: 609 daAuts
  Lair:3: 445 daAuts
   Sewer: 374 daAuts
